 Dungeon Crawl Stone Soup version 0.29.1-12-g30fa7ad0bf (webtiles) character file.

Game seed: 9063918053094728073

773 xian the Trooper (level 7, 0/76 HPs)
             Began as an Ogre Fighter on Dec 22, 2022.
             Was a Follower of Okawaru.
             Slain by a gnoll
             ... wielding a +4 flail
              (6 damage)
             ... on level 5 of the Dungeon on Dec 23, 2022.
             The game lasted 00:12:59 (5288 turns).

xian the Trooper (Ogre Fighter)                     Turns: 5288, Time: 00:12:59

Health: 0/76       AC:  6    Str: 23    XL:     7   Next: 83%
Magic:  0/7        EV:  9    Int:  9    God:    Okawaru [*.....]
Gold:   196        SH:  7    Dex:  8    Spells: 6/6 levels left

rFire   + . .      SeeInvis .   a - +0 war axe
rCold   . . .      Faith    .   c - +0 kite shield
rNeg    . . .      Spirit   +   u - +2 robe
rPois   .          Reflect  .   (helmet restricted)
rElec   .          Harm     .   z - +0 cloak
rCorr   .          Rampage  .   (gloves unavailable)
Will    .....                   (boots unavailable)
Stlth   +.........              q - amulet of guardian spirit
HPRegen 0.22/turn               b - ring of protection from fire
MPRegen 0.10/turn               (no ring)

@: no status effects
A: large, unfitting armour, tough skin 1
a: Renounce Religion, Heroism


You were on level 5 of the Dungeon.
You worshipped Okawaru.
Okawaru was aware of your devotion.
You visited 2 branches of the dungeon, and saw 7 of its levels.

You collected 281 gold pieces.
You spent 85 gold pieces at shops.

Inventory:

Hand Weapons
 a - a +0 war axe (weapon)
Missiles
 d - 4 boomerangs
 h - 4 stones
 A - 6 curare-tipped darts (quivered)
Armour
 c - a +0 kite shield (worn)
 u - a +2 robe (worn)
 z - a +0 cloak (worn)
Magical Staves
 f - a staff of earth
Jewellery
 b - a ring of protection from fire (left hand)
 q - an amulet of guardian spirit (around neck)
 y - a ring of positive energy
Wands
 E - a wand of polymorph (5)
Scrolls
 g - a scroll of amnesia
 k - 3 scrolls of teleportation
 l - 3 scrolls of fear
 p - 2 scrolls of poison
 r - a scroll of enchant weapon
 s - a scroll of immolation
 t - 2 scrolls of blinking
 w - a scroll of silence
 D - a scroll of enchant armour
Potions
 i - a potion of ambrosia
 j - a potion of attraction {unknown}
 m - a potion of curing
 n - a potion of mutation {unknown}
 o - a potion of brilliance {unknown}
 v - a potion of heal wounds {unknown}
 C - a potion of cancellation


   Skills:
 + Level 6.5 Fighting
 + Level 5.5 Axes
 + Level 1.1 Throwing
 + Level 4.5 Dodging
 + Level 0.7 Stealth
 + Level 4.0 Shields


You had 6 spell levels left.
You didn't know any spells.
Your spell library contained the following spells:

 Spells                   Type           Power      Damage    Failure   Level
 Dispersal                Tloc           0%         N/A       100%        6
 Disjunction              Tloc           0%         N/A       100%        8


Dungeon Overview and Level Annotations

Branches:
Dungeon (6/15)             Temple (1/1) D:4

Altars:
Ashenzari
Cheibriados
Dithmenos
Fedhas
Hepliaklqana
Kikubaaqudgha
Makhleb
Nemelex Xobeh
Okawaru
Qazlal
Ru
Sif Muna
Uskayaw
Vehumet
Wu Jian
Xom
Yredelemnul
Zin
The Shining One

Shops:
D:2 :*[   D:4 ?*=

Annotations:
D:5 2 runed translucent doors, SirLogeyBear's ghost, novice HOBe


Innate Abilities, Weirdness & Mutations

You are too large for most types of armour.
You have tough skin. (AC +1)


Message History

The gnoll barely misses you. The gnoll hits you with a +4 flail.
* * * LOW HITPOINT WARNING * * *
You block the kobold brigand's attack.
The kobold brigand attacks as you move away!
You block the kobold brigand's attack.
The kobold throws a stone.
You block the stone. The kobold hits you but does no damage.
The gnoll hits you from afar with a +0 spear.
* * * LOW HITPOINT WARNING * * *
The kobold misses you.
Things that are here:
a +0 whip; 14 gold pieces; a gnoll corpse The kobold brigand attacks as you move away!
You block the kobold brigand's attack. The kobold attacks as you move away!
The kobold barely misses you. The kobold attacks as you move away!
You block the kobold's attack.
The gnoll hits you from afar with a +0 spear.
* * * LOW HITPOINT WARNING * * *
You block the kobold's attack.
The kobold brigand attacks as you move away!
The kobold brigand misses you. The kobold attacks as you move away!
You block the kobold's attack. The gnoll attacks as you move away!
The gnoll hits you with a +4 flail!
* * * LOW HITPOINT WARNING * * *
You feel like a meek peon again.
The hound stops to sniff the ground.
The gnoll attacks as you move away! You block the gnoll's attack.
There is a stone staircase leading up here.
Things that are here:
a scroll of butterflies; a scroll of noise; a scroll of vulnerability The gnoll hits you with a +4 flail!
* * * LOW HITPOINT WARNING * * *
The gnoll closely misses you.
You climb upwards.
Level annotation: 2 runed translucent doors, SirLogeyBear's ghost, novice HOBe
There is a stone staircase leading down here.
You closely miss the gnoll.
The gnoll is lightly wounded.
You hit the kobold. The kobold completely misses you.
The gnoll hits you with a +4 flail.
You die...

#..............# #...........#
#..........÷...# #...........#
#..............# #...........#
#..............#####...........#
#..............#...............'
#..............#.###...........#
#................###...........#
#...............###....#.......#
#.........<....@.............#.#
#.............gK###.#...####....
###'###'####.##.....#.#.# ###..
#.# #.##......###...#.# #####
####.# #########.#
#.###.####....
#....#####.#.###.###.#
#....'....
#.##..##.§?~.#~#.'...#
######....
#.##..#.#.....##.##### #........
#.#..##..⌠.#..##.# #.#######


You could see a gnoll and a kobold.

Vanquished Creatures
  An ice beast (D:5)
  A black bear (D:3)
  An ogre (D:5)
  A scorpion (D:5)
  A howler monkey (D:5)
  A hound (D:4)
  An orc priest (D:5)
  Jessica (D:3)
  An iguana (D:6)
  2 orc wizards
  5 gnolls
  11 adders
  2 dart slugs
  15 orcs
  5 ball pythons
  3 endoplasms
  A giant cockroach (D:4)
  6 goblins
  8 hobgoblins
  2 jackals (D:2)
  14 kobolds
  3 quokkas
  4 bats
  2 frilled lizards
  10 rats
102 creatures vanquished.

Notes
Turn   | Place    | Note
-------+----------+-------------------------------------------
     0 | D:1      | xian the Ogre Fighter began the quest for the Orb.
     0 | D:1      | Reached XP level 1. HP: 24/24 MP: 1/1
    62 | D:1      | Reached XP level 2. HP: 32/32 MP: 2/2
   533 | D:1      | Reached XP level 3. HP: 32/40 MP: 3/3
   871 | D:2      | Found Zuloen's Armour Emporium.
   893 | D:2      | Found Raeg's Assorted Antiques.
   937 | D:2      | Bought an amethyst potion for 27 gold pieces
   937 | D:2      | Bought a bubbling puce potion for 27 gold pieces
   937 | D:2      | Bought a scroll labelled RESTRA CUNO for 31 gold pieces
  1147 | D:2      | Found a faded altar of an unknown god.
  1295 | D:2      | Found Hecinoq's Book Boutique.
  1491 | D:2      | Reached XP level 4. HP: 49/49 MP: 4/4
  1727 | D:3      | Noticed Jessica
  1741 | D:3      | Killed Jessica
  2091 | D:3      | Found a hazy altar of Hepliaklqana.
  2303 | D:3      | Reached skill level 5 in Fighting
  2386 | D:3      | Noticed a black bear
  2393 | D:3      | Reached XP level 5. HP: 26/57 MP: 3/5
  2396 | D:3      | HP: 2/57 [orc/+0 short sword (3)]
  2403 | D:3      | Killed a black bear
  2404 | D:3      | Reached XP level 6. HP: 6/66 MP: 1/6
  3112 | D:4      | Found a blossoming altar of Fedhas.
  3135 | D:4      | Found a staircase to the Ecumenical Temple.
  3164 | Temple   | Entered the Ecumenical Temple
  3380 | Temple   | Became a worshipper of Warmaster Okawaru
  3768 | D:4      | Found Buohynn's Jewellery Emporium.
  3967 | D:4      | Found Bokluifoc's General Store.
  4043 | D:4      | Found Bagunk's Magic Scroll Emporium.
  4184 | D:5      | Entered Level 5 of the Dungeon
  4388 | D:5      | Reached XP level 7. HP: 54/74 MP: 4/7
  4488 | D:5      | Reached skill level 6 in Fighting
  4897 | D:5      | Found a large runed translucent door.
  4898 | D:5      | Found a large runed translucent door.
  4904 | D:5      | Noticed SirLogeyBear's ghost (novice HOBe)
  4960 | D:5      | Reached * piety under Okawaru
  4961 | D:5      | Reached skill level 5 in Axes
  4961 | D:5      | Reached skill level 1 in Throwing
  5288 | D:5      | Slain by a gnoll

Illustrated notes

Levels and vault maps discovered:
D:1:      mrwooster_arrival_statue, layout_rooms, minmay_split_cup_large
D:2:      layout_loops_ring, hellmonk_ecumenical_altar_crossroads, serial_shops,
          nicolae_shop_trees, nicolae_shop_stone, shop_statue,
          kennysheep_generic_room_10
D:3:      layout_basic, amcnicky_altar_gilded, uniq_jessica
D:4:      layout_basic, mainiacjoe_overflow_concentric_impassable,
          minmay_temple_entry_ruins, serial_shops, shop_fountains,
          nicolae_square_shop, nicolae_shop_crystal
D:5:      layout_basic, ebering_ghost_disaster_area,
          chequers_serial_rivers_micro_d, chequers_serial_rivers_large_b,
          nicolae_titane
D:6:      layout_cave_pools, cheibrodos_sewer_entry_drain, uniq_maggie
Temple:   bh_familiar_temple

Skill      XL: |  1  2  3  4  5  6  7 |
---------------+----------------------+-----
Dodging        | 3 4 |  4.5
Fighting       | 5 6 |  6.5
Axes           | 3 4 5 |  5.5
Shields        | 4 |  4.0
Throwing       | 1 |  1.1
Stealth        | |  0.7

Action                   |  1- 3 |  4- 6 |  7- 9 || total
-------------------------+-------+-------+-------++-------
Melee: War axe           |    97 |   137 |    62 ||   296
Throw: Stone             |     2 |    20 |    10 ||    32
Invok: Heroism           |       |       |     1 ||     1
  Use: Scroll            |     4 |     3 |     8 ||    15
       Potion            |       |     5 |       ||     5
Armor: Robe              |    42 |    46 |    33 ||   121
Dodge: Dodged            |    46 |    74 |    41 ||   161
Block: Kite shield       |    60 |    58 |    39 ||   157
